 Dungeon Crawl Stone Soup version 0.30-a0-718-geaa24f58ff (webtiles) character file.

Game seed: 16832084997242227666

57 avis the Shooter (level 3, -1/29 HPs)
             Began as a Demigod Hunter on Jan 26, 2023.
             Succumbed to an adder's poison
             ... on level 2 of the Dungeon.
             The game lasted 00:05:07 (1100 turns).

avis the Shooter (Demigod Hunter)                   Turns: 1100, Time: 00:05:08

Health: -1/29      AC:  3    Str: 12    XL:     3   Next: 50%
Magic:  5/5        EV: 13    Int: 11    God:
Gold:   59         SH:  0    Dex: 21    Spells: 2/2 levels left

rFire   . . .      SeeInvis .    a - +0 shortbow
rCold   . . .      Faith    .    (shield currently unavailable)
rNeg    . . .      Spirit   .    c - +0 leather armour
rPois   .          Reflect  .    (no helmet)
rElec   .          Harm     .    (no cloak)
rCorr   .          Rampage  .    (no gloves)
Will    .....                    (no boots)
Stlth   ++                       (no amulet)
HPRegen 0.24/turn                (no ring)
MPRegen 0.09/turn                (no ring)

@: lethally poisoned (-1 -> -9), invisible
A: high MP 1, forlorn, divine attributes
a: no special abilities


You were on level 2 of the Dungeon.
You visited 1 branch of the dungeon, and saw 2 of its levels.

You collected 59 gold pieces.

Inventory:

Hand Weapons
 a - a +0 shortbow (weapon)
 b - a +0 dagger
Missiles
 i - 2 poisoned darts
 j - 4 boomerangs
Armour
 c - a +0 leather armour (worn)
 f - an orb of mayhem
Scrolls
 e - 3 scrolls of identify {unknown}
 g - 2 scrolls of blinking {unknown}
 h - 2 scrolls of immolation


   Skills:
 - Level 2.0 Fighting
 - Level 4.0 Ranged Weapons
 - Level 3.0 Dodging
 * Level 1.6 Stealth


You had 2 spell levels left.
You didn't know any spells.
Your spell library was empty.

Dungeon Overview and Level Annotations

Branches:
Dungeon (2/15)


Innate Abilities, Weirdness & Mutations

You have an increased reservoir of magic. (+10% MP)
You shall have no god before yourself.
Your divine heritage dramatically boosts your attributes as you level up.


Message History

You shoot an arrow. The arrow closely misses the adder.
You feel sick. The adder barely misses you. The adder bites you.
You are more poisoned.
The adder poisons you!
Fire: a) +0 shortbow
Press: ? - help, Q - select action, (/) - cycle Shift-Dir - straight line, f/p - adder
Aim: an adder (50% to hit)
You shoot an arrow. The arrow closely misses the adder.
You feel sick. The adder closely misses you. The adder bites you.
You are more poisoned.
The adder poisons you!
Fire: a) +0 shortbow
Press: ? - help, Q - select action, (/) - cycle Shift-Dir - straight line, f/p - adder
Aim: an adder (50% to hit)
You shoot an arrow. The arrow hits the adder.
The adder is heavily wounded.
You feel very sick. The adder barely misses you. The adder misses you.
Fire: a) +0 shortbow
Press: ? - help, Q - select action, (/) - cycle Shift-Dir - straight line, f/p - adder
Aim: an adder (heavily wounded, 50% to hit)
You shoot an arrow. The arrow misses the adder.
You feel very sick. The adder barely misses you.
Fire: a) +0 shortbow
Press: ? - help, Q - select action, (/) - cycle Shift-Dir - straight line, f/p - adder
Aim: an adder (heavily wounded, 50% to hit)
You shoot an arrow. The arrow hits the adder.
The adder is heavily wounded.
You feel sick. The adder bites you.
* * * LOW HITPOINT WARNING * * *
The adder closely misses you.
It was a potion of invisibility.
You fade into invisibility!
* * * LOW HITPOINT WARNING * * *
You feel sick. The adder bites you.
* * * LOW HITPOINT WARNING * * *
You are more poisoned.
The adder poisons you!
You die...

### ########### #..
........... #)#
######..## #.# ##......##
#.# ####......... #.#
#.....†......
#######S#####.##..###.##.
..............##..# #.##.
.#######@#######..# #.##.
#.# #..###.##. #.#
#..#...... #.# #..#.#....
#.# #..#.##.#. #.#
####..#.##.#. #.# ....
#.##.#. #.# .....##.##)#.
### #.........


You could see an adder (unable to see you).

Vanquished Creatures
  A gnoll (D:2)
  A dart slug (D:1)
  3 bats (D:1)
  2 endoplasms (D:1)
  4 goblins (D:1)
  6 hobgoblins
  5 jackals (D:1)
  5 kobolds
  2 quokkas (D:1)
  2 ball pythons
  6 frilled lizards (D:1)
  4 rats (D:1)
41 creatures vanquished.

Notes
Turn   | Place    | Note
-------+----------+-------------------------------------------
     0 | D:1      | avis the Demigod Hunter began the quest for the Orb.
     0 | D:1      | Reached XP level 1. HP: 17/17 MP: 3/3
   124 | D:1      | Reached skill level 4 in Ranged Weapons
   125 | D:1      | Reached XP level 2. HP: 24/24 MP: 4/4
   346 | D:1      | Reached XP level 3. HP: 28/29 MP: 5/5
   845 | D:2      | Reached skill level 1 in Stealth
  1099 | D:2      | HP: 1/29 [adder (3)]
  1100 | D:2      | Succumbed to an adder's poison

Illustrated notes

Levels and vault maps discovered:
D:1:      minmay_arrival_doors, layout_basic
D:2:      minmay_wonky_spiral, layout_loops_ring, nicolae_ecumenical_pavilion

Skill      XL: |  1  2  3 |
---------------+----------+-----
Fighting       | 2 |  2.0
Ranged Weapons | 4 |  4.0
Dodging        | 2 3 |  3.0
Stealth        | 1 |  1.6

Action                     || total
---------------------------++-------
   Fire: Shortbow          ||   125
    Use: Potion            ||     1
 Armour: Leather armour    ||    16
  Dodge: Dodged            ||    57

Table legend: (Time is in decaauts)
 A = Elapsed time spent in this place.
 B = Non-inter-level travel time spent in this place.
 C = Inter-level travel time spent in this place.
 D = Time resting spent in this place.
 E = Time spent auto-exploring this place.
 F = Levels seen in this place.
 G = Mean time per level.
                   A        B        C        D        E       F      G
               +--------+--------+--------+--------+--------+-----+--------+
         Total |   1143 |   1032 |    111 |     25 |    720 |   2 |  571.5 |
       Dungeon |   1143 |   1032 |    111 |     25 |    720 |   2 |  571.5 |
               +--------+--------+--------+--------+--------+-----+--------+

Top non-repeatable levels by time:
     D:1: 908 daAuts
     D:2: 235 daAuts
